 Dungeon Crawl Stone Soup version 0.16.1-18-g436b03c (webtiles) character file.

7714 Mellonil the Fighter (level 11, 0/81 HPs)
             Began as an Octopode Fighter on May 11, 2015.
             Was a Priest of Dithmenos.
             Slain by a troll (17 damage)
             ... on level 9 of the Dungeon.
             The game lasted 01:14:51 (13914 turns).

Mellonil the Fighter (Octopode Fighter)            Turns: 13914, Time: 01:14:52

Health: 0/81       AC:  6    Str: 19    XL:     11   Next: 19%
Magic:  11/11      EV: 21    Int: 11    God:    Dithmenos [***...]
Gold:   452        SH: 11    Dex: 16    Spells: 0 memorised, 10 levels left

rFire  . . .     SeeInvis +     q - +2 short sword (protect)
rCold  . . .     Clarity  .     c - +0 shield
rNeg   . . .     SustAb   .     (helmet restricted)
rPois  .         Gourm    .     (no amulet)
rElec  .         Spirit   .     j - ring of see invisible (curse)
rCorr  .         Warding  .     t - ring of wizardry
rMut   .         Stasis   .     (no ring)
MR     .....                    (no ring)
Stlth  +++++.....               (no ring)
                                (no ring)
                                (no ring)
                                (no ring)

@: agile, wreathed by umbra, not resistant to hostile enchantments, quite
stealthy
A: almost no armour, amphibious, 8 rings, constrict 8, camouflage 1, gelatinous
body 1
a: Shadow Step, Renounce Religion


You were on level 9 of the Dungeon.
You worshipped Dithmenos.
Dithmenos was most pleased with you.
You were hungry.

You visited 3 branches of the dungeon, and saw 11 of its levels.

You collected 452 gold pieces.

Inventory:

Hand weapons
 a - a +0 long sword
 q - a +2 short sword of protection (weapon)
Missiles
 g - 24 stones (quivered)
 v - 13 poisoned needles
Armour
 c - a +0 shield (worn)
Jewellery
 j - a cursed ring of see invisible (left tentacle)
 t - a ring of wizardry (right tentacle)
Magical devices
 k - a wand of frost (13)
 o - a wand of confusion (0)
 s - a wand of magic darts (16)
Scrolls
 e - a scroll of enchant armour {unknown}
 n - a scroll of identify
 u - 4 scrolls of remove curse
 x - a scroll of holy word {unknown}
 y - a scroll of amnesia
Potions
 f - a potion of magic
 m - 2 potions of poison
 r - 2 potions of restore abilities
 A - a potion of lignification {unknown}
 D - a potion of ambrosia {unknown}
Books
 h - a Young Poisoner's Handbook

   Spells                             Type                      Level
   a - Sting                          Conjuration/Poison           1
   b - Cure Poison                    Poison                       2
   c - Mephitic Cloud                 Conjuration/Poison/Air       3
   d - Olgreb's Toxic Radiance        Poison                       4
   e - Venom Bolt                     Conjuration/Poison           5
 p - Sif Muna's Almanac of Dark Secrets
   (You found it on level 4 of the Dungeon)

   Spells                             Type                      Level
   a - Animate Skeleton               Necromancy                   1
 w - a book of Clouds

   Spells                             Type                      Level
   a - Mephitic Cloud                 Conjuration/Poison/Air       3
   b - Conjure Flame                  Conjuration/Fire             3
   c - Poisonous Cloud                Conjuration/Poison/Air       6
   d - Freezing Cloud                 Conjuration/Ice/Air          6
   e - Ring of Flames                 Charms/Fire                  7
 C - a book of Cantrips

   Spells                             Type                      Level
   a - Corona                         Hexes                        1
   b - Animate Skeleton               Necromancy                   1
   c - Summon Small Mammal            Summoning                    1
   d - Apportation                    Translocation                1
 G - a book of Geomancy

   Spells                             Type                      Level
   a - Sandblast                      Earth                        1
   b - Stoneskin                      Transmutation/Earth          2
   c - Passwall                       Transmutation/Earth          3
   d - Stone Arrow                    Conjuration/Earth            3
   e - Petrify                        Transmutation/Earth          4
   f - Lee's Rapid Deconstruction     Earth                        5
Comestibles
 b - 9 meat rations
 d - 15 bread rations
 i - 10 fruits
 z - 4 chunks of flesh
 E - 10 royal jellies


   Skills:
 * Level 10.2 Fighting
 * Level 10.0 Long Blades
 + Level 7.7 Dodging
 + Level 7.6 Shields


You had 10 spell levels left.
You didn't know any spells.

Dungeon Overview and Level Annotations

Branches:
Dungeon (9/15)             Temple (1/1) D:5            Lair (1/8) D:8
    Orc: D:9-12

Altars:
Cheibriados
Dithmenos
Gozag
Kikubaaqudgha
Nemelex Xobeh
Sif Muna
Xom
Zin

Annotations:
D:3 EmilioHeskey's ghost, average FoFi
D:7 exclusion: ice statue


Innate Abilities, Weirdness & Mutations

You cannot wear most types of armour.
You are amphibious.
You can wear up to eight rings at the same time.
You can use your tentacles to constrict many enemies at once.
Your skin changes colour to match your surroundings (Stealth).
Your rubbery body absorbs attacks (AC +1).


Message History

You block the troll's attack. x2
The troll claws you!
* * * LOW HITPOINT WARNING * * *
You puncture the troll!
The troll is heavily wounded.
You closely miss the troll.
The troll is heavily wounded.
The troll closely misses you. The troll completely misses you.
You block the troll's attack.
You hit the troll. You squeeze the troll.
The troll is heavily wounded.
The troll closely misses you. You block the troll's attack.
You block the troll's attack.
You hit the troll.
The troll is heavily wounded.
You block the troll's attack. x3
You barely miss the troll.
The troll is heavily wounded.
The troll bites you!
You die...

# ###............<./.#
#.#######...###### ##
#.# #.........# .# ###
######....# ## ######
♣♣♣♣ ....♣♣ ♣♣♣♣♣♣ ♣♣♣♣
♣..♣♣♣♣♣♣♣.[..♣♣♣♣♣♣♣...
♣.....T@...♣♣.))♣♣....♣♣
♣♣...♣♣♣♣♣♣♣♣♣♣♣.(.♣♣♣♣
♣♣♣♣...♣ ♣♣♣♣♣
♣.....♣♣♣♣ ♣.♣♣♣♣.†).♣♣♣
♣♣♣♣...♣♣♣ ♣♣....♣
♣♣♣T.(..♣ ♣♣♣...(


You could see a troll.

Vanquished Creatures
  A hill giant (D:9)
  2 spiny frogs (Lair:1)
  3 yaks (Lair:1)
  A wandering mushroom (D:8)
  2 hungry ghosts
  3 hippogriffs
  Edmund (D:4)
  Menkaure (D:5)
  A porcupine (Lair:1)
  2 black bears
  3 orc warriors
  2 water moccasins
  2 ice beasts
  3 sky beasts
  3 ogres
  A phantom (D:9)
  4 crocodiles
  A boring beetle (Lair:1)
  3 centaurs
  Sigmund (D:8)
  Duvessa (D:7)
  A big kobold (D:9)
  Blork the orc (D:8)
  6 giant frogs
  A wyvern skeleton (D:9)
  7 killer bees
  3 electric eels (D:7)
  Dowan (D:7)
  4 crimson imps
  A centaur zombie (D:5)
  6 orc priests
  A goliath beetle (D:9)
  5 jellies
  12 hounds
  A giant frog skeleton (D:4)
  2 iguanas (D:9)
  4 worker ants
  4 hell rats (D:8)
  7 orc wizards
  Natasha (thrice) (D:4)
  A killer bee zombie (D:8)
  Ijyb (D:4)
  A hound skeleton (D:5)
  2 river rats (D:8)
  13 adders
  3 giant mites
  3 worms
  An adder skeleton (D:4)
  An adder zombie (D:7)
  3 giant geckos
  6 oozes
  28 orcs
  14 bats
  2 bat skeletons
  7 giant cockroaches
  9 goblins
  16 hobgoblins
  16 jackals
  18 kobolds
  5 quokkas
  A ball python (D:2)
  A giant gecko skeleton (D:6)
  6 giant newts
  A jackal zombie (D:9)
  2 quokka skeletons
  A quokka zombie (D:7)
  31 rats
304 creatures vanquished.

Vanquished Creatures (others)
  2 giant spores (D:9)
  2 ballistomycetes (D:9)
  6 fungi (D:8)
10 creatures vanquished.

Grand Total: 314 creatures vanquished

Notes
Turn   | Place    | Note
--------------------------------------------------------------
     0 | D:1      | Mellonil, the Octopode Fighter, began the quest for the Orb.
     0 | D:1      | Reached XP level 1. HP: 16/16 MP: 1/1
   189 | D:1      | Reached XP level 2. HP: 21/21 MP: 2/2
   672 | D:2      | Reached XP level 3. HP: 22/26 MP: 3/3
  1216 | D:2      | Reached XP level 4. HP: 26/33 MP: 4/4
  1435 | D:2      | Reached skill level 4 in Fighting
  1657 | D:3      | Noticed an orc warrior
  1664 | D:3      | Killed an orc warrior
  1664 | D:3      | Reached XP level 5. HP: 6/38 MP: 5/5
  2122 | D:3      | Reached XP level 6. HP: 44/44 MP: 6/6
  2208 | D:3      | Noticed EmilioHeskey's ghost (average FoFi)
  2358 | D:4      | Noticed Edmund
  2382 | D:4      | Killed Edmund
  2382 | D:4      | Reached skill level 5 in Fighting
  2382 | D:4      | Reached XP level 7. HP: 38/50 MP: 7/7
  2763 | D:4      | Noticed Natasha
  2770 | D:4      | Killed Natasha
  2789 | D:4      | Noticed Ijyb
  2808 | D:4      | Killed Ijyb
  2881 | D:4      | Found a deep blue altar of Sif Muna.
  2898 | D:4      | Identified Sif Muna's Almanac of Dark Secrets
  2976 | D:5      | Entered Level 5 of the Dungeon
  2992 | D:5      | Noticed Sigmund
  3097 | D:3      | Reached skill level 5 in Long Blades
  3395 | D:3      | Found a shimmering altar of Xom.
  3549 | D:4      | Noticed Natasha
  3558 | D:4      | Killed Natasha
  3568 | D:4      | Noticed Natasha
  3575 | D:4      | Killed Natasha
  3698 | D:4      | Got a twisted mace
  3894 | D:4      | Reached XP level 8. HP: 27/57 MP: 8/8
  4113 | D:5      | Reached skill level 6 in Fighting
  4913 | D:5      | Reached skill level 5 in Dodging
  4913 | D:5      | Reached skill level 5 in Shields
  5025 | D:5      | Found a staircase to the Ecumenical Temple.
  5025 | D:5      | Noticed Menkaure
  5033 | D:5      | Killed Menkaure
  5037 | Temple   | Entered the Ecumenical Temple
  5046 | Temple   | Became a worshipper of Dithmenos the Shadowed
  5317 | D:6      | Identified the +8 mace "Xawno Syrr" {flame, *Rage rElec rC+ Dex+6} (You found it on level 4 of the Dungeon)
  5521 | D:6      | Reached skill level 7 in Fighting
  5655 | D:6      | Reached XP level 9. HP: 57/64 MP: 9/9
  7451 | D:7      | Noticed an ice statue
  7661 | D:7      | Noticed Duvessa
  7663 | D:7      | Noticed Dowan
  7667 | D:7      | Killed Duvessa
  7669 | D:7      | Killed Dowan
  8069 | D:7      | Reached skill level 8 in Fighting
  8516 | D:8      | Found a staircase to the Lair.
  8522 | D:8      | Noticed a wandering mushroom
  8540 | D:8      | Killed a wandering mushroom
  9103 | D:8      | Noticed Blork the orc
  9116 | D:8      | Killed Blork the orc
  9152 | D:8      | Acquired Dithmenos' first power
  9152 | D:8      | Reached XP level 10. HP: 65/73 MP: 10/10
  9882 | Lair:1   | Entered Level 1 of the Lair of Beasts
 10341 | Lair:1   | Reached skill level 9 in Fighting
 12176 | D:8      | Killed Sigmund
 12396 | D:8      | Acquired Dithmenos' second power
 12761 | D:9      | Reached XP level 11. HP: 62/81 MP: 11/11
 13263 | D:9      | Reached skill level 10 in Fighting
 13365 | D:9      | Noticed a hill giant
 13393 | D:9      | Killed a hill giant
 13736 | D:9      | Reached skill level 10 in Long Blades
 13914 | D:9      | Slain by a troll

Action                   |  1- 3 |  4- 6 |  7- 9 | 10-12 || total
-------------------------+-------+-------+-------+-------++-------
Melee: Long sword        |    47 |       |       |       ||    47
       Short sword       |    15 |    90 |   493 |   465 ||  1063
Throw: Stone             |     4 |     9 |    40 |    29 ||    82
Evoke: Wand              |       |       |    16 |    21 ||    37
  Use: Scroll            |       |     9 |     6 |     5 ||    20
       Potion            |       |     1 |     1 |     7 ||     9
 Stab: Sleeping          |     2 |       |     7 |     4 ||    13
       Distracted        |       |     1 |       |     2 ||     3
  Eat: Chunk             |     1 |     4 |    20 |    11 ||    36
       Beef jerky        |       |       |     1 |     1 ||     2
       Fruit             |       |       |       |     2 ||     2
       Pizza             |       |       |       |     2 ||     2
